 Dungeon Crawl Stone Soup version 0.20.0 (webtiles) character file.

29 Brutalitops the Shield-Bearer (level 3, -5/29 HPs)
             Began as a Vampire Fighter on May 25, 2017.
             Killed from afar by an orc wizard (10 damage)
             ... with a magic dart
             ... on level 9 of the Dungeon.
             The game lasted 00:04:32 (750 turns).

Brutalitops the Shield-Bearer (Vampire Fighter)      Turns: 750, Time: 00:04:32

Health: -5/29      AC:  0    Str: 16    XL:     3   Next: 1%
Magic:  3/3        EV: 17    Int: 10    God:
Gold:   21         SH:  0    Dex: 18    Spells: 2/2 levels left

rFire    . . .     SeeInvis +   (weapon currently unavailable)
rCold    . . .     Gourm    .   (shield currently unavailable)
rNeg     + . .     Faith    .   (armour currently unavailable)
rPois    .         Spirit   .   (helmet currently unavailable)
rElec    .         Reflect  .   (cloak currently unavailable)
rCorr    .         Harm     .   (gloves currently unavailable)
MR       .....                  (boots currently unavailable)
Stlth    ++++......             (no amulet)
Regen    0.1/turn               (ring currently unavailable)
MPRegen  0.1/turn               (ring currently unavailable)

@: bat-form, flying, very quick
A: fangs 3, see invisible
a: End Transformation


You were on level 9 of the Dungeon.
You were not thirsty.
You were in vampire-bat-form.
You visited 1 branch of the dungeon, and saw 9 of its levels.

You collected 21 gold pieces.

Inventory:

Hand Weapons
 a - a +0 long sword (melded)
 i - a +1 whip of electrocution
Missiles
 f - 5 arrows
 h - 55 stones (quivered)
 l - 14 sling bullets
Armour
 b - a +0 scale mail (melded)
 c - a +0 shield (melded)
Scrolls
 g - a scroll of remove curse {unknown}
 k - a scroll of identify {unknown}
Potions
 d - a potion of might
 e - 4 potions of blood
 j - a potion of lignification {unknown}
 m - a potion of flight {unknown}


   Skills:
 + Level 3.0 Fighting
 + Level 2.2 Long Blades
 + Level 2.6 Armour
 + Level 3.2 Shields


You had 2 spell levels left.
You didn't know any spells.

Dungeon Overview and Level Annotations

Branches:
Dungeon (9/15)
 Temple: D:4-7         Lair: D:8-11         Orc: D:9-12

Altars:
Ashenzari


Innate Abilities, Weirdness & Mutations

You have razor-sharp teeth.
You have supernaturally acute eyesight. (SInv)
((You can survive without breathing.))


Message History

The gnoll moves out of view.
A gnoll comes into view. It is wielding a spear.
Found 23 stones.
A gnoll comes into view. It is wielding a club.
The bullfrog misses you.
The gnoll shouts!
You hit the gnoll but do no damage. The bullfrog hits you.
The gnoll closely misses you.
A water moccasin comes into view.
The gnoll hits you with a spear!
* * * LOW HITPOINT WARNING * * *
Found a scroll labeled ELOCOB LOMYELI.
The orc wizard mumbles some strange words.
The orc wizard blinks!
A two-headed ogre comes into view.
It is wielding a giant spiked club and a giant club.
There is a stone staircase leading down here.
The two-headed ogre shouts in stereo!
The orc wizard gestures at you while chanting.
The magic dart hits you!
You die...

..................#####
.......................
............#.....(.S.
###.###.....#....g.g..
#......§..#a........
####....#.#g........
#.####...###.....
#########.#####.F###.....
.............##.bo.......
.............###.........
.............# #.........
##...####.#### #........
..§......... .....?...
##........... .........
#............ .....####
#.................O#
#...######


You could see a two-headed ogre, a bullfrog, a worker ant, an orc wizard and a
gnoll.

Vanquished Creatures
  2 oozes (D:1)
  A dart slug (D:1)
  A bat (D:1)
  2 giant cockroaches (D:1)
  6 goblins
  A hobgoblin (D:1)
  2 kobolds
  A rat (D:1)
16 creatures vanquished.

Vanquished Creatures (others)
  4 toadstools (D:1)
4 creatures vanquished.

Grand Total: 20 creatures vanquished

Notes
Turn   | Place    | Note
-------+----------+-------------------------------------------
     0 | D:1      | Brutalitops the Vampire Fighter began the quest for the Orb.
     0 | D:1      | Reached XP level 1. HP: 17/17 MP: 1/1
   163 | D:1      | Reached XP level 2. HP: 21/23 MP: 2/2
   506 | D:4      | Noticed a scorpion
   506 | D:4      | Noticed a scorpion
   534 | D:5      | Entered Level 5 of the Dungeon
   535 | D:5      | Reached XP level 3. HP: 29/29 MP: 3/3
   584 | D:7      | Noticed an unseen horror
   600 | D:8      | Noticed a bullfrog
   617 | D:8      | Noticed a two-headed ogre
   641 | D:8      | Found a shattered altar of Ashenzari.
   672 | D:8      | Noticed a two-headed ogre
   708 | D:9      | Noticed a two-headed ogre
   732 | D:9      | Noticed a bullfrog
   745 | D:9      | Noticed a water moccasin
   749 | D:9      | Noticed a two-headed ogre
   750 | D:9      | Killed from afar by an orc wizard

Skill      XL: |  1  2 |
---------------+-------+-----
Shields        | 3 |  3.2
Fighting       | 3 |  3.0
Long Blades    | |  2.2
Armour         | |  2.6

Action                   || total
-------------------------++-------
Melee: Long sword        ||    46
       Bite              ||     5
       Unarmed           ||     1
 Abil: Bat Form          ||     1
Armor: Scale mail        ||    17
Dodge: Dodged            ||    13
Block: Shield            ||    27
       Rpst.: Long sword ||     4
